 Dungeon Crawl Stone Soup version 0.27.0-1-g7a089689b8 (webtiles) character file.

Game seed: 2388769260784168686

198 dolemite99 the Poker (level 5, -1/38 HPs)
             Began as a Demonspawn Gladiator on Aug 7, 2021.
             Was a Believer of Jiyva.
             Succumbed to a water moccasin's poison
             ... on level 4 of the Dungeon.
             The game lasted 00:04:05 (4301 turns).

dolemite99 the Poker (Demonspawn Gladiator)         Turns: 4301, Time: 00:04:05

Health: -1/38      AC:  6    Str: 15    XL:     5   Next: 47%
Magic:  3/5        EV: 12    Int: 10    God:    Jiyva [**....]
Gold:   29         SH:  0    Dex: 14    Spells: 4/4 levels left

rFire    . . .     SeeInvis .   a - +0 trident
rCold    . . .     Faith    .   (no shield)
rNeg     . . .     Spirit   .   b - +0 leather armour
rPois    .         Reflect  .   (helmet restricted)
rElec    .         Harm     .   (no cloak)
rCorr    .         Rampage  .   (no gloves)
Will     .....                  (no boots)
Stlth    +.........             (no amulet)
HPRegen  0.12/turn              (no ring)
MPRegen  0.09/turn              (no ring)

@: lethally poisoned (-1 -> -9)
A: horns 1, slimy green scales 2, tendrils
a: Renounce Religion, Request Jelly


You were on level 4 of the Dungeon.
You worshipped Jiyva.
Jiyva was pleased with you.
You visited 1 branch of the dungeon, and saw 5 of its levels.

You collected 29 gold pieces.

Inventory:

Hand Weapons
 a - a +0 trident (weapon)
 m - a +0 mace of protection
Missiles
 g - 30 arrows
 h - 14 poisoned darts (quivered)
Armour
 b - a +0 leather armour (worn)
 c - a +0 helmet
Magical Staves
 e - a staff of earth
Jewellery
 i - a ring of resist corrosion
 k - a ring of protection from cold
Scrolls
 j - a scroll of blinking {unknown}
 l - a scroll of immolation {unknown}
Potions
 n - a potion of might {unknown}


   Skills:
 - Level 2.0 Fighting
 + Level 5.7 Polearms
 - Level 1.7 Throwing
 - Level 2.6 Dodging


You had 4 spell levels left.
You didn't know any spells.
Your spell library was empty.

Dungeon Overview and Level Annotations

Branches:
Dungeon (5/15)
 Temple: D:4-7

Altars:
Ashenzari
Elyvilon
Uskayaw
Vehumet
Jiyva

Shops:
D:3 (


Innate Abilities, Weirdness & Mutations

You have a pair of small horns on your head.
You are mostly covered in slimy green scales. (AC +3)
You are covered in slimy tendrils that may disarm your opponents.


Message History

Throw: 3 throwing nets
Press: ? - help, Shift-Dir - straight line, f - water moccasin
Aim: a water moccasin (moderately wounded, covered in acid, 40% to hit)
You throw a throwing net.
The throwing net closely misses the water moccasin.
The water moccasin closely misses you.
Unknown command.
Throw: 2 throwing nets
Press: ? - help, Shift-Dir - straight line, f/p - water moccasin
Aim: a water moccasin (moderately wounded, covered in acid, 40% to hit)
You throw a throwing net.
The throwing net closely misses the water moccasin.
The water moccasin bites you but does no damage.
Throw: throwing net
Press: ? - help, Shift-Dir - straight line, f/p - water moccasin
Aim: a water moccasin (moderately wounded, covered in acid, 40% to hit)
You throw a throwing net.
The throwing net barely misses the water moccasin.
The water moccasin misses you. The water moccasin bites you.
You are lethally poisoned!
The water moccasin poisons you!
You puncture the water moccasin! You headbutt the water moccasin.
The water moccasin is almost dead.
* * * LOW HITPOINT WARNING * * *
You feel very sick.
The water moccasin bites you but does no damage.
You miss the water moccasin.
The water moccasin is almost dead.
* * * LOW HITPOINT WARNING * * *
You feel very sick. The water moccasin barely misses you.
The water moccasin bites you.
* * * LOW HITPOINT WARNING * * *
You closely miss the water moccasin.
Your headbutt misses the water moccasin.
The water moccasin is almost dead.
* * * LOW HITPOINT WARNING * * *
You feel sick. The water moccasin closely misses you.
You miss the water moccasin.
The water moccasin is almost dead.
You die...

#.# #..###.#.#.#
#.........#. #.#
#..# #.#(..#
#...J.....## #.#
#..# #.#...#
########...# #.#
#..# #.#..>#
#..........# #.#
#..# #.#.#.#
#........... #.#
#..# #.#.#.#
#........... #.#
#..###.#.#.#
#...........
#.#######....#.#S#.#
#...........
#.##.......#.#.#@#.#
#...........
#.##.#######.#.#.#.#
#........... #.##.#
#....#.#.#
##########.. #.##.#
#....#.#.# #..
#.##.# #......#.#
#..
#.##.######...####.#
#.. #.............#
#.# ##.
.....#####.#.## #.#
## ##########.#.#
#.# #


You could see a water moccasin (corroded).

Vanquished Creatures
  A howler monkey (D:2)
  Natasha (thrice) (D:3)
  An iguana (D:4)
  An adder (D:3)
  A dart slug (D:1)
  3 ball pythons (D:1)
  4 bats
  10 goblins
  6 hobgoblins
  4 jackals
  2 quokkas
  2 frilled lizards
  3 kobolds
  A quokka skeleton (D:4)
  2 rats
44 creatures vanquished.

Vanquished Creatures (others)
  Grinder (D:3)
  A scorpion (D:4)
  3 hounds
  3 jellies
  Ijyb (D:3)
  Robin (D:2)
  5 gnolls (D:3)
  A dart slug (D:2)
  4 ball pythons
  2 bats
  A giant cockroach (D:3)
  4 goblins
  7 hobgoblins
  4 jackals
  2 quokkas
  2 kobolds
  2 rats (D:2)
44 creatures vanquished.

Grand Total: 88 creatures vanquished

Notes
Turn   | Place    | Note
-------+----------+-------------------------------------------
     0 | D:1      | dolemite99 the Demonspawn Gladiator began the quest for the
                  | Orb.
     0 | D:1      | Reached XP level 1. HP: 16/16 MP: 1/1
    24 | D:1      | Found a faded altar of an unknown god.
    31 | D:1      | Became a worshipper of Jiyva Jefyipix the Shapeless
    31 | D:1      | Reached * piety under Jiyva
   104 | D:1      | Reached skill level 3 in Polearms
   303 | D:1      | Gained mutation: You are partially covered in slimy green
                  | scales. (AC +2) [demonic ancestry]
   303 | D:1      | Reached XP level 2. HP: 21/22 MP: 2/2
   422 | D:1      | Reached ** piety under Jiyva
  1208 | D:2      | Reached XP level 3. HP: 24/27 MP: 3/3
  1231 | D:2      | Reached skill level 4 in Polearms
  1405 | D:2      | Killed Robin
  1545 | D:2      | Gained mutation: You are mostly covered in slimy green
                  | scales. (AC +3) [demonic ancestry]
  1545 | D:2      | Reached XP level 4. HP: 24/33 MP: 4/4
  1906 | D:3      | Noticed Natasha
  1930 | D:3      | Killed Natasha
  1931 | D:3      | Reached skill level 5 in Polearms
  2404 | D:3      | Noticed Natasha
  2416 | D:3      | Killed Natasha
  2417 | D:3      | Gained mutation: You have a pair of small horns on your
                  | head. [demonic ancestry]
  2417 | D:3      | Reached XP level 5. HP: 22/38 MP: 5/5
  2568 | D:3      | Killed Ijyb
  2604 | D:3      | Found Filajy's Weapon Emporium.
  2700 | D:3      | Noticed Natasha
  2713 | D:3      | Killed Natasha
  3130 | D:3      | Noticed Grinder
  3170 | D:3      | Killed Grinder
  3292 | D:4      | Reached *** piety under Jiyva
  3294 | D:4      | Found a hide-covered altar of Uskayaw.
  3483 | D:4      | Gained mutation: You are covered in slimy tendrils that may
                  | disarm your opponents. [Jiyva's grace]
  3822 | D:4      | Found a broken altar of Ashenzari.
  4188 | D:4      | Found a radiant altar of Vehumet.
  4270 | D:5      | Entered Level 5 of the Dungeon
  4270 | D:5      | Noticed a water moccasin
  4300 | D:4      | HP: 1/38 [poisoned by a water moccasin]
  4301 | D:4      | Succumbed to a water moccasin's poison

Illustrated notes

Levels and vault maps discovered:
D:1:      zaba_arrival_water, layout_basic, hellmonk_ecumenical_altar_crossroads
D:2:      layout_loops_cross, chequers_decorated_corner, minmay_3d_cube,
          uniq_robin
D:3:      layout_basic, serial_shops, shop, cheibrodos_gnoll_hut, uniq_grinder,
          uniq_natasha, uniq_ijyb
D:4:      layout_basic, mainiacjoe_overflow_catch_the_wave,
          mainiacjoe_overflow_six_doors_small, mainiacjoe_overflow_paths
D:5:      layout_basic, mainiacjoe_overflow_concentric_impassable,
          mainiacjoe_overflow_cross_hatched, uniq_menkaure, uniq_blork_the_orc

Skill      XL: |  1  2  3  4 |
---------------+-------------+-----
Polearms       | 3 4 5 |  5.7
Fighting       | |  2.0
Throwing       | |  1.7
Dodging        | |  2.6

Action                   |  1- 3 |  4- 6 || total
-------------------------+-------+-------++-------
Melee: Trident           |   101 |    74 ||   175
       Headbutt          |       |     7 ||     7
Throw: Throwing net      |       |     4 ||     4
Invok: Request Jelly     |       |     5 ||     5
  Use: Potion            |       |     3 ||     3
 Stab: Sleeping          |     2 |       ||     2
Armor: Leather armour    |    31 |    26 ||    57
Dodge: Dodged            |    61 |    46 ||   107
